Workbook

Sheet Course Fee Budget Instructions 
A1: This workbook is the budget template for a course fee. Fill out each tab. Totals will calculate automatically and be transferred to the Total Cost Per Student and Course Fee Distribution tabs.
A3: Each course will require its own "Course Fee" index. If a new index is needed, fill out a New Index Request in ServiceNow.
A6: *ALLOWABLE Course Fee Items: | G6: *NON-ALLOWABLE Course Fee Items:
A7: Software: licensing, upgrades, usage Equipment: usage, repair, replacement, maintenance Materials and supplies: usage and replenishment Teaching support: mentors or tutors, student teaching mentors or supervisors, and professional preceptors Field trips and class-wide activities Honoraria for visting experts | G7: Expenses that do not benefit students within the course Clasroom furnishings (e.g., desks, chairs, stools, tables, AV equipment, projection screens), remodeling, or maintenance Usual classroom equipment and maintenance Textbooks and required printed or electronic learning materials Materials students can purchase directly through the bookstore, unless bulk purchase by the instructor saves students money
A9: *These lists are not exhaustive.

Sheet Shared Resources
A1: This sheet is for the shared resources use fee. Enter the name of the shared resource and the course total amount from the shared resources budget template workbook located on the Total Shared Cost Per Year tab. The colored cells are formulas and will populate automatically. If there are no shared resources, skip this tab.
A4: Total Cost Per Year | B4: =SUM($B$6:$B$14) -> 0
A5: Name of the Shared Resource | B5: Annual Cost Per Year | C5: Percent of Total
C6: =+B6/$B$4 -> #DIV/0!
C7: =+B7/$B$4 -> #DIV/0!
C8: =+B8/$B$4 -> #DIV/0!
C9: =+B9/$B$4 -> #DIV/0!
C10: =+B10/$B$4 -> #DIV/0!
C11: =+B11/$B$4 -> #DIV/0!
C12: =+B12/$B$4 -> #DIV/0!
C13: =+B13/$B$4 -> #DIV/0!
C14: =+B14/$B$4 -> #DIV/0!

Sheet Equipment (R&R)
A1: List all equipment that has a useful life of greater than one year. These items are NOT shared with other classes. The colored cells are formulas and will populate automatically.
A3: All items on this sheet will require a Repair & Replacement (R&R) index. If a new index is needed, fill out a New Index Request in ServiceNow.
E5: Total Cost Per Year | F5: =SUM($F$7:$F$1002) -> 0
A6: Item | B6: Cost Per Item | C6: Number of Items Needed | D6: Total Cost for All Items | E6: Repair/Replacement Timetable in YEARS | F6: Cost Per Year
D7: =C7*B7 -> 0 | F7: =IF(E7,(D7/E7),0) -> 0
D8: =C8*B8 -> 0 | F8: =IF(E8,(D8/E8),0) -> 0
D9: =C9*B9 -> 0 | F9: =IF(E9,(D9/E9),0) -> 0
D10: =C10*B10 -> 0 | F10: =IF(E10,(D10/E10),0) -> 0
D11: =C11*B11 -> 0 | F11: =IF(E11,(D11/E11),0) -> 0
D12: =C12*B12 -> 0 | F12: =IF(E12,(D12/E12),0) -> 0
D13: =C13*B13 -> 0 | F13: =IF(E13,(D13/E13),0) -> 0
D14: =C14*B14 -> 0 | F14: =IF(E14,(D14/E14),0) -> 0
D15: =C15*B15 -> 0 | F15: =IF(E15,(D15/E15),0) -> 0
D16: =C16*B16 -> 0 | F16: =IF(E16,(D16/E16),0) -> 0
D17: =C17*B17 -> 0 | F17: =IF(E17,(D17/E17),0) -> 0
D18: =C18*B18 -> 0 | F18: =IF(E18,(D18/E18),0) -> 0
... D28: =C28*B28 -> 0 | F28: =IF(E28,(D28/E28),0) -> 0

Sheet Mat_Supp
A1: Enter the number of semesters the course is taught per year. List all materials and supplies that are needed for the course. This sheet will also be used for student teaching fees. When entering student teaching fees, the number of items needed per semester would be the number of expected students per semester. The colored cells are formulas and will populate automatically.
A3: Enter number of semesters taught per year
D5: Total Cost Per Year | E5: =SUM($E$7:$E$1001) -> 0
A6: Item | B6: Cost Per Item | C6: Number Of Items Needed Per Semester | D6: Times Taught Per Year | E6: Total Cost Per Year
D7: =$A$4 -> 0 | E7: =(B7*C7)*D7 -> 0
D8: =$A$4 -> 0 | E8: =(B8*C8)*D8 -> 0
D9: =$A$4 -> 0 | E9: =(B9*C9)*D9 -> 0
D10: =$A$4 -> 0 | E10: =(B10*C10)*D10 -> 0
D11: =$A$4 -> 0 | E11: =(B11*C11)*D11 -> 0
D12: =$A$4 -> 0 | E12: =(B12*C12)*D12 -> 0
D13: =$A$4 -> 0 | E13: =(B13*C13)*D13 -> 0
D14: =$A$4 -> 0 | E14: =(B14*C14)*D14 -> 0
D15: =$A$4 -> 0 | E15: =(B15*C15)*D15 -> 0
D16: =$A$4 -> 0 | E16: =(B16*C16)*D16 -> 0
D17: =$A$4 -> 0 | E17: =(B17*C17)*D17 -> 0
D18: =$A$4 -> 0 | E18: =(B18*C18)*D18 -> 0
... D26: =$A$4 -> 0 | E26: =(B26*C26)*D26 -> 0

Sheet Teaching Support
A1: For each teaching support, indicate the type of support and fill in the hourly rate, hours worked, and weeks worked. The colored cells are formulas and will populate automatically.
F3: Total Cost Per Year | G3: =SUM($G$5:$G$1002) -> 0
A4: Teaching Support | B4: Type of Support | C4: Hourly Rate | D4: Hours Per Week | E4: Number of Weeks Worked Per SEMESTER | F4: How Many Times Class is taught Per Year | G4: Total Pay Per Year
A5: Teaching Support 1 | F5: =Mat_Supp!$A$4 -> 0 | G5: =(C5*D5*E5)*F5 -> 0
A6: Teaching Support 2 | F6: =Mat_Supp!$A$4 -> 0 | G6: =(C6*D6*E6)*F6 -> 0
A7: Teaching Support 3 | F7: =Mat_Supp!$A$4 -> 0 | G7: =(C7*D7*E7)*F7 -> 0
A8: Teaching Support 4 | F8: =Mat_Supp!$A$4 -> 0 | G8: =(C8*D8*E8)*F8 -> 0
A9: Teaching Support 5 | F9: =Mat_Supp!$A$4 -> 0 | G9: =(C9*D9*E9)*F9 -> 0
A10: Teaching Support 6 | F10: =Mat_Supp!$A$4 -> 0 | G10: =(C10*D10*E10)*F10 -> 0
A11: Teaching Support 7 | F11: =Mat_Supp!$A$4 -> 0 | G11: =(C11*D11*E11)*F11 -> 0
A12: Teaching Support 8 | F12: =Mat_Supp!$A$4 -> 0 | G12: =(C12*D12*E12)*F12 -> 0

Sheet Field Trips & Activities
A1: List all items required for field trips and activities for the course. The colored cells are formulas and will populate automatically.
D3: Total Cost Per Year | E3: =SUM($E$5:$E$999) -> 0
A4: Common Field Trip Categories (Add additional items if needed) | B4: Cost Per Item | C4: Number Of Items Needed Per Semester | D4: How Many Times Class is Taught Per Year | E4: Total Cost Per Year
A5: Activity costs | D5: =+Mat_Supp!$D$7 -> 0 | E5: =(B5*C5)*D5 -> 0
A6: Entrance Fees | D6: =+Mat_Supp!$D$7 -> 0 | E6: =(B6*C6)*D6 -> 0
A7: Fuel | D7: =+Mat_Supp!$D$7 -> 0 | E7: =(B7*C7)*D7 -> 0
A8: Lodging | D8: =+Mat_Supp!$D$7 -> 0 | E8: =(B8*C8)*D8 -> 0
A9: Mileage | D9: =+Mat_Supp!$D$7 -> 0 | E9: =(B9*C9)*D9 -> 0
A10: Vehicle Rental | D10: =+Mat_Supp!$D$7 -> 0 | E10: =(B10*C10)*D10 -> 0
D11: =+Mat_Supp!$D$7 -> 0 | E11: =(B11*C11)*D11 -> 0
D12: =+Mat_Supp!$D$7 -> 0 | E12: =(B12*C12)*D12 -> 0
D13: =+Mat_Supp!$D$7 -> 0 | E13: =(B13*C13)*D13 -> 0
D14: =+Mat_Supp!$D$7 -> 0 | E14: =(B14*C14)*D14 -> 0
D15: =+Mat_Supp!$D$7 -> 0 | E15: =(B15*C15)*D15 -> 0
D16: =+Mat_Supp!$D$7 -> 0 | E16: =(B16*C16)*D16 -> 0
D17: =+Mat_Supp!$D$7 -> 0 | E17: =(B17*C17)*D17 -> 0
D18: =+Mat_Supp!$D$7 -> 0 | E18: =(B18*C18)*D18 -> 0
D19: =+Mat_Supp!$D$7 -> 0 | E19: =(B19*C19)*D19 -> 0
D20: =+Mat_Supp!$D$7 -> 0 | E20: =(B20*C20)*D20 -> 0
D21: =+Mat_Supp!$D$7 -> 0 | E21: =(B21*C21)*D21 -> 0
D22: =+Mat_Supp!$D$7 -> 0 | E22: =(B22*C22)*D22 -> 0

Sheet Total Cost Per Student
A1: This sheet shows the total costs for a course and calculates a cost per student amount. Enter the average number of students enrolled per year. The colored cells are formulas and will populate automatically.
A3: Enter average number of students enrolled per year
B7: Total Cost Per Year | C7: Amount Per Student | D7: Percentages for Course Fee Distribution Tab
A8: Shared Facility Use Fee | B8: ='Shared Resources'!B4 -> 0 | C8: =+B8/$A$4 -> #DIV/0! | D8: =+C8/$C$14 -> #DIV/0!
A9: Total Equipment (R&R) | B9: =+'Equipment (R&R)'!F5 -> 0 | C9: =+B9/$A$4 -> #DIV/0! | D9: =+C9/$C$14 -> #DIV/0!
A10: Total Materials & Supplies | B10: =+Mat_Supp!E5 -> 0 | C10: =(+B10/$A$4) -> #DIV/0! | D10: =+C10/$C$14 -> #DIV/0!
A11: Total Teaching Support | B11: =+'Teaching Support'!G3 -> 0 | C11: =+B11/$A$4 -> #DIV/0! | D11: =+C11/$C$14 -> #DIV/0!
A12: Total Field Trips & Activities | B12: =+'Field Trips & Activities'!E3 -> 0 | C12: =+B12/$A$4 -> #DIV/0! | D12: =+C12/$C$14 -> #DIV/0!
A13: Rounding | B13: =+C17*A4 -> #DIV/0! | C13: =+C17 -> #DIV/0! | D13: =+C13/$C$14 -> #DIV/0!
A14: Total Cost Per Year | B14: =SUM(B8:B13) -> #DIV/0! | C14: =SUM(C8:C13) -> #DIV/0! | D14: =SUM(D8:D13) -> #DIV/0!
A16: Cost per student | B16: Course Fee Rounded for Curriculog | C16: Rounded amount added to Total Materials and Supplies above
A17: =SUM(B8:B12)/A4 -> #DIV/0! | B17: =ROUNDUP(A17,0) -> #DIV/0! | C17: =+B17-A17 -> #DIV/0!

Sheet Course Fee Distribution
A1: This sheet will show the amount and percentage of course fee revenue that will be distributed to the course operating index, the R&R index, and any shared resource indexes. Fill in the course subject, number, campus, and detail code. List the index numbers for each index that will collect revenue. The colored cells are formulas and will populate automatically.
A3: Use the information on this page to submit a Course Fee Distribution Update request in ServiceNow.
E5: Expected Annual Revenue
A6: Course subject, number, and campus | B6: Detail Code | C6: Course Fee Amt Requested | D6: Avg # of Students Per Year | E6: Course Operating Collected Per Year | F6: Repair & Replacement Collected Per Year | G6: Shared Resources Collected Per Year
C7: =+'Total Cost Per Student'!B17 -> #DIV/0! | D7: ='Total Cost Per Student'!A4 -> 0 | E7: =+D11*D7 -> #DIV/0! | F7: =+D7*D12 -> #DIV/0! | G7: =SUM(D13:D17)*D7 -> #DIV/0!
A10: Index Title | B10: Enter Index | C10: % of Course Fee to Each Index | D10: Amount to Each Index
A11: =CONCATENATE("CsFee ",A7) -> CsFee | C11: =+D11/C7 -> #DIV/0! | D11: =+'Total Cost Per Student'!C10+'Total Cost Per Student'!C11+'Total Cost Per Student'!C12+'Total Cost Per Student'!C13 -> #DIV/0!
A12: =CONCATENATE("CsR&R ",A7) -> CsR&R | C12: =+D12/C7 -> #DIV/0! | D12: =+'Total Cost Per Student'!C9 -> #DIV/0!
A13: =+'Shared Resources'!$A$6 -> 0 | C13: =+'Total Cost Per Student'!$D$8*'Shared Resources'!$C$6 -> #DIV/0! | D13: =+'Total Cost Per Student'!$C$8*'Shared Resources'!$C$6 -> #DIV/0!
A14: =+'Shared Resources'!$A$7 -> 0 | C14: =+'Total Cost Per Student'!$D$8*'Shared Resources'!$C$7 -> #DIV/0! | D14: =+'Total Cost Per Student'!$C$8*'Shared Resources'!$C$7 -> #DIV/0!
A15: =+'Shared Resources'!$A$8 -> 0 | C15: =+'Total Cost Per Student'!$D$8*'Shared Resources'!$C$8 -> #DIV/0! | D15: =+'Total Cost Per Student'!$C$8*'Shared Resources'!$C$8 -> #DIV/0!
A16: =+'Shared Resources'!$A$9 -> 0 | C16: =+'Total Cost Per Student'!$D$8*'Shared Resources'!$C$9 -> #DIV/0! | D16: =+'Total Cost Per Student'!$C$8*'Shared Resources'!$C$9 -> #DIV/0!
A17: =+'Shared Resources'!$A$10 -> 0 | C17: =+'Total Cost Per Student'!$D$8*'Shared Resources'!$C$10 -> #DIV/0! | D17: =+'Total Cost Per Student'!$C$8*'Shared Resources'!$C$10 -> #DIV/0!
C18: =SUM(C11:C17) -> #DIV/0! | D18: =SUM(D11:D17) -> #DIV/0!
